 Dungeon Sprint DCSS version 0.27-a0-1281-ge233d83751 (webtiles) character file.

Game seed: 422267646907883611

10 mhtbhm the Skirmisher (level 2, -10/30 HPs)
             Began as a Gargoyle Berserker on June 13, 2021.
             Was a Believer of Trog.
             Mangled by a merfolk siren (13 damage)
             ... in the Dungeon (Sprint II: "The Violet Keep of Menkaure").
             The game lasted 00:00:20 (408 turns).

mhtbhm the Skirmisher (Gargoyle Berserker)           Turns: 408, Time: 00:00:21

Health: -10/30     AC:  5    Str: 20    XL:     2   Next: 20%
Magic:  2/2        EV: 12    Int:  7    God:    Trog [**....]
Gold:   243        SH:  0    Dex:  9    Spells: 1/1 levels left

rFire    . . .     SeeInvis .   a - +0 mace
rCold    . . .     Faith    .   (no shield)
rNeg     + . .     Spirit   .   b - +0 animal skin
rPois    ∞         Reflect  .   (no helmet)
rElec    +         Harm     .   (no cloak)
rCorr    .         Rampage  .   (no gloves)
Will     .....     NoTele   +   (no boots)
Stlth    ..........             (no amulet)
HPRegen  0.10/turn              (no ring)
MPRegen  0.08/turn              (no ring)

@: berserking (expiring), very quick
A: sickness immunity, AC +2, negative energy resistance 1, electricity
resistance, torment resistance 1, petrification resistance
a: Renounce Religion, Berserk, Trog's Hand


You were in the Dungeon.
You worshipped Trog.
Trog was pleased with you.
You visited 1 branch You collected 243 gold pieces.

Inventory:

Hand Weapons
 a - a +0 mace (weapon)
Armour
 b - a +0 animal skin (worn)
Scrolls
 h - a scroll of blinking
Potions
 c - a potion of curing
 d - a potion of heal wounds
 e - a potion of haste
 f - 2 potions of magic
 g - a potion of berserk rage


   Skills:
 + Level 4.3 Fighting
 + Level 4.1 Maces & Flails
 + Level 2.7 Armour
 + Level 1.9 Dodging
 + Level 0.1 Stealth


You had one spell level left.
You didn't know any spells.
Your spell library was empty.

Dungeon Overview and Level Annotations

Branches:
Dungeon (1/1)

Altars:


Innate Abilities, Weirdness & Mutations

You are immune to sickness and miasma.
Your stone body is resilient. (AC +2)
You are immune to poison.
You resist negative energy. (rN+)
You are resistant to electric shocks. (rElec)
You are resistant to unholy torment.
You are immune to petrification.


Message History

You feel yourself slow down.
The walls and floor vibrate strangely for a moment.
You now have 243 gold pieces.
You start resting.
You feel yourself speed up.
You start resting.
You recover from your berserk rage.
You start resting.
You start resting.
HP restored.
You see here a worm corpse.
There is an open door here.
You see here a worm corpse.
There is a staircase leading out of the dungeon here.
Unknown command.
As you open the door, it creaks loudly!
A merfolk siren comes into view. It is wielding a +2 spear of venom.
The merfolk siren shouts!
The merfolk siren chants a haunting song.
You are mesmerised by the merfolk siren!
Unknown command.
You close the door.
You are no longer entranced.
You start waiting.
A merfolk siren opens the door.
It is wielding a +2 spear of venom.
A red film seems to cover your vision as you go berserk!
You feel yourself moving faster!
You feel mighty! The merfolk siren barely misses you.
You feel a strong urge to attack something.
The merfolk siren hits you with a +2 spear of venom!
There is an open door here.
You barely miss the merfolk siren. You barely miss the merfolk siren.
The merfolk siren hits you with a +2 spear of venom!!
Ouch! That really hurt!
* * * LOW HITPOINT WARNING * * *
You hit the merfolk siren.
The merfolk siren is lightly wounded.
The merfolk siren hits you with a +2 spear of venom!
You die...

## ## ##.
.##
#..#..#
## #.m.#
#.# #@#
###†##.##
+.##†.<.+
#..†##.##
##.###+#
###


You could see a merfolk siren.

Vanquished Creatures
  3 worms (D)
3 creatures vanquished.

Vanquished Creatures (others)
  Menkaure (D)
  A water moccasin (D)
2 creatures vanquished.

Grand Total: 5 creatures vanquished

Notes
Turn   | Place    | Note
-------+----------+-------------------------------------------
     0 | D        | mhtbhm the Gargoyle Berserker began the quest for the Orb.
     0 | D        | Reached XP level 1. HP: 14/14 MP: 1/1
    12 | D        | Killed Menkaure
    27 | D        | Killed a water moccasin
   266 | D        | Reached XP level 2. HP: 18/20 MP: 2/2
   267 | D        | Reached ** piety under Trog
   401 | D        | Noticed a merfolk siren
   408 | D        | Mangled by a merfolk siren

Illustrated notes

Levels and vault maps discovered:
D:        the_violet_keep_of_menkaure [sprint2_stairs_cluster_1,
          sprint2_shoproom, sprint2_temple, sprint2_basic_supplies,
          sprint2_obstacle_7, sprint2_obstacle_4, sprint2_obstacle_1,
          sprint2_obstacle_5, sprint2_obstacle_2, sprint2_timed_cluster_1,
          sprint2_smallroom_cluster_1, sprint2_smallroom_final_cluster_1,
          sprint2_transparent_cluster_1, sprint2_second_timed_cluster_1,
          sprint2_sniper_area_1, sprint2_heavy_combat_area_1,
          sprint2_mutation_trap_area_1, sprint2_forest_area_1,
          sprint2_light_combat_area_1, sprint2_behind_water_1,
          sprint2_near_end_vault_1]

Skill      XL: |  1  2 |
---------------+-------+-----
Fighting       | 4 |  4.3
Maces & Flails | 4 |  4.1
Armour         | |  2.7
Dodging        | |  1.9
Stealth        | |  0.1

Action                   || total
-------------------------++-------
Melee: Mace              ||    13
Invok: Berserk           ||     3
Armor: Animal skin       ||     1
Dodge: Dodged            ||     4

Table legend: (Time is in decaauts)
 A = Elapsed time spent in this place.
 B = Non-inter-level travel time spent in this place.
 C = Inter-level travel time spent in this place.
 D = Time resting spent in this place.
 E = Time spent auto-exploring this place.
 F = Levels seen in this place.
 G = Mean time per level.
                   A        B        C        D        E       F      G
               +--------+--------+--------+--------+--------+-----+--------+
         Total |    420 |    420 |      0 |    385 |      0 |   1 |  420.0 |
       Dungeon |    420 |    420 |      0 |    385 |      0 |   1 |  420.0 |
               +--------+--------+--------+--------+--------+-----+--------+

Top non-repeatable levels by time:
       D: 420 daAuts
